 Dungeon Crawl Stone Soup version 0.16-a0-4086-gceb3487 (webtiles) character file.

100 rgaf the Sneak (level 4, 0/30 HPs)
             Began as a Vampire Enchanter on Feb 22, 2015.
             Slain by a gnoll
             ... wielding a +0 club
              (6 damage)
             ... on level 2 of the Dungeon.
             The game lasted 00:07:30 (3069 turns).

rgaf the Sneak (Vampire Enchanter)                  Turns: 3069, Time: 00:07:30

Health: 0/30       AC:  3    Str:  7    XL:     4   Next: 47%
Magic:  1/7        EV: 12    Int: 18    God:
Gold:   64         SH:  0    Dex: 14    Spells: 3 memorised, 1 level left

rFire  . . .     SeeInvis +     a - +1 dagger
rCold  + + .     Clarity  .     b - +1 robe
rNeg   + + +     SustAb   .     (no shield)
rPois  +         Gourm    .     (no helmet)
rElec  .         Spirit   .     (no cloak)
rCorr  .         Warding  .     (no gloves)
rMut   .         Stasis   .     (no boots)
MR     .....                    (no amulet)
Stlth  ++++......               (no ring)
                                (no ring)

@: regenerating slowly, not resistant to hostile enchantments, stealthy
A: bottle blood, fangs 3, see invisible, unbreathing
a: Bat Form


You were on level 2 of the Dungeon.
You were near bloodless.

You visited 1 branch of the dungeon, and saw 2 of its levels.

You collected 64 gold pieces.

Inventory:

Hand weapons
 a - a +1 dagger (weapon)
Armour
 b - a +1 robe (worn)
Scrolls
 d - a scroll of immolation {unknown}
 h - 2 scrolls of blinking {unknown}
 i - 2 scrolls of remove curse {unknown}
 j - 4 scrolls of identify {unknown}
 k - a scroll of teleportation {unknown}
Potions
 e - 2 potions of cure mutation {unknown}
 f - a potion of brilliance {unknown}
 g - 2 potions of lignification {unknown}
Books
 c - a book of Maledictions

   Spells                             Type                      Level
   a - Corona                         Hexes                        1
   b - Sure Blade                     Hexes/Charms                 2
   c - Ensorcelled Hibernation        Hexes/Ice                    2
   d - Confuse                        Hexes                        3
   e - Dazzling Spray                 Conjuration/Hexes            3
   f - Enslavement                    Hexes                        4


   Skills:
 - Level 0.1 Fighting
 * Level 3.0 Short Blades
 - Level 2.1 Dodging
 + Level 6.8 Stealth
 - Level 2.0 Spellcasting
 - Level 4.4 Hexes
 - Level 0.2 Ice Magic


You had one spell level left.
You knew the following spells:

 Your Spells              Type           Power        Failure   Level  Hunger
a - Corona                Hex            ###....      3%          1    #......
b - Ensorcelled Hibernat  Hex/Ice        ##....       12%         2    ###....
c - Dazzling Spray        Conj/Hex       #.......     24%         3    ###....


Dungeon Overview and Level Annotations

Branches:
Dungeon (2/15)

Altars:
Cheibriados
Fedhas


Innate Abilities, Weirdness & Mutations

You heal slowly.
You can bottle blood from corpses.
You have razor-sharp teeth.
You have supernaturally acute eyesight.
You can survive without breathing.


Message History

The gnoll closely misses you.
You hit the gnoll.
The gnoll is severely wounded.
The gnoll misses you.
You barely miss the gnoll.
The gnoll is severely wounded.
The gnoll closely misses you.
You hit the gnoll.
The gnoll is almost dead.
You closely miss the gnoll.
The gnoll is almost dead.
The gnoll hits you with a club!
You hit the gnoll.
The gnoll is almost dead.
The gnoll hits you with a club!
* * * LOW HITPOINT WARNING * * *
You hit the gnoll but do no damage.
The gnoll is almost dead.
The gnoll hits you with a club.
You die...

###### #####....# ###...#.##.#
###########..........#
....................>#
#######.#.###.##...#.##### #
#.#.#.....@g.......# #
#...#.#....###.###.#
###########.#<#....#...#.#######
......##....#.#.##.###.#.......#
......##.####.#.##.....#######.#
......##......#.######## #...#
......#######........#######g###
............'........'..%....#
.......######........##########


You could see a gnoll.

Vanquished Creatures
  2 gnolls (D:2)
  2 adders (D:2)
  2 worms (D:2)
  2 giant geckos (D:1)
  An ooze (D:1)
  5 bats
  3 giant cockroaches
  5 hobgoblins
  2 kobolds
  A quokka (D:2)
  A ball python (D:1)
  7 giant newts
  7 goblins
  4 jackals (D:2)
  5 rats
49 creatures vanquished.

Notes
Turn   | Place    | Note
--------------------------------------------------------------
     0 | D:1      | rgaf, the Vampire Enchanter, began the quest for the Orb.
     0 | D:1      | Reached XP level 1. HP: 13/13 MP: 3/3
     6 | D:1      | Noticed a black bear
     6 | D:1      | Noticed a swamp drake
     6 | D:1      | Noticed an anaconda
     6 | D:1      | Noticed a worker ant
     6 | D:1      | Noticed a lindwurm
   179 | D:1      | Reached skill level 5 in Stealth
   287 | D:1      | Reached XP level 2. HP: 16/19 MP: 4/4
   406 | D:1      | Found a snail-covered altar of Cheibriados.
   451 | D:1      | Learned a level 2 spell: Ensorcelled Hibernation
   915 | D:1      | Reached skill level 6 in Stealth
  1245 | D:2      | Reached XP level 3. HP: 11/24 MP: 0/6
  2090 | D:2      | Learned a level 3 spell: Dazzling Spray
  2139 | D:2      | Reached XP level 4. HP: 3/30 MP: 2/7
  2616 | D:2      | Found a blossoming altar of Fedhas.
  3069 | D:2      | Slain by a gnoll

Action                   |  1- 3 |  4- 6 || total
-------------------------+-------+-------++-------
Melee: Dagger            |    88 |    33 ||   121
 Cast: Ensorcelled Hiber |    20 |    16 ||    36
       Dazzling Spray    |     1 |       ||     1
  Use: Potion            |       |     1 ||     1
 Stab: Sleeping          |    20 |     8 ||    28
